 Dungeon Crawl Stone Soup version 0.17.2 (webtiles) character file.

48 ololoev the Slasher (level 3, -4/29 HPs)
             Began as a Mummy Chaos Knight on June 29, 2016.
             Slain by a raiju (glowing shapeshifter) (7 damage)
             ... on level 3 of the Dungeon.
             The game lasted 00:03:20 (2107 turns).

ololoev the Slasher (Mummy Chaos Knight)            Turns: 2107, Time: 00:03:20

Health: -4/29      AC:  7    Str: 16    XL:     3   Next: 50%
Magic:  3/3        EV:  6    Int: 11    God:    Xom [.*....]
Gold:   107        SH:  0    Dex: 11    Spells: 0 memorised, 2 levels left

rFire  . . .     SeeInvis .     a - +0 falchion (chaos)
rCold  . . .     Clarity  .     b - +2 leather armour
rNeg   + + +     SustAt   .     (no shield)
rPois  ∞         Gourm    .     (no helmet)
rElec  .         Spirit   .     l - +0 cloak (curse)
rCorr  .         Warding  .     (no gloves)
rMut   .         Stasis   .     j - +0 pair of boots
MR     .....                    (no amulet)
Stlth  +.........               (no ring)
                                o - ring of fire

@: not resistant to hostile enchantments, very unstealthy
A: no food or potions, fire vulnerability, cold resistance 1, negative energy
resistance 3, torment resistance, unbreathing
a: Renounce Religion


Innate Abilities, Weirdness & Mutations

You do not eat or drink.
Your flesh is vulnerable to fire.
You are immune to poison.
Your flesh is cold resistant.
You are immune to negative energy.
You are immune to unholy pain and torment.
You can survive without breathing.

Inventory:

Hand Weapons
 a - a +0 falchion of chaos (weapon)
Armour
 b - a +2 leather armour (worn)
 j - a +0 pair of boots (worn)
 l - a cursed +0 cloak (worn)
Jewellery
 o - a ring of fire (left hand)
Scrolls
 c - 2 scrolls of fog {unknown}
 d - a scroll of teleportation
 e - a scroll of fear {unknown}
 f - a scroll of immolation {unknown}
 g - a scroll of magic mapping {unknown}
 h - 2 scrolls of identify {unknown}
 i - 2 scrolls of random uselessness {unknown}
 k - a scroll of remove curse {unknown}
 m - a scroll of blinking {unknown}
 n - 2 scrolls of enchant armour {unknown}


   Skills:
 - Level 3.0 Fighting
 * Level 3.3 Long Blades
 + Level 2.2 Armour
 - Level 0.7 Dodging


You had 2 spell levels left.
You didn't know any spells.


You were on level 3 of the Dungeon.
You worshipped Xom.
You were a plaything of Xom.
You were not hungry.

You visited 1 branch of the dungeon, and saw 3 of its levels.

You collected 107 gold pieces.

#..).....#.####l..####.#
#####.............####
####...............
#.(###.##....... #..#
#.##.#####.. #..# #.##.#
. #..###.##.##
#..#.......## .
###..#h@......###..
#..........#.#....
#.####."...._..# .# #.#
#.....#.#.# #.# ##
#.#######.#..#.###.# $.
#.#.............##.# .#
#.#.#####.####..##.#
#.#.# #.# #..##.#
#.#.#####.####.#.#.###.#

Notes
Turn   | Place    | Note
--------------------------------------------------------------
     0 | D:1      | ololoev the Mummy Chaos Knight began the quest for the Orb.
     0 | D:1      | Reached XP level 1. HP: 18/18 MP: 1/1
   310 | D:1      | Found a snail-covered altar of Cheibriados.
   387 | D:1      | XOM: smoke on damage
   391 | D:1      | Reached XP level 2. HP: 4/24 MP: 2/2
   490 | D:1      | XOM: mild Air miscast
   713 | D:1      | XOM: harmless Summ miscast
  1154 | D:2      | Found a radiant altar of Vehumet.
  1211 | D:2      | Found a glowing golden altar of the Shining One.
  1246 | D:2      | XOM: 4-stop teleportation journey
  1284 | D:2      | Found a glowing silver altar of Zin.
  1288 | D:2      | Reached XP level 3. HP: 29/29 MP: 3/3
  1638 | D:3      | Found a burning altar of Makhleb.
  1653 | D:3      | Noticed a centaur
  1653 | D:3      | a worm changed into a centaur
  1653 | D:3      | XOM: noise
  1657 | D:3      | a centaur changed into a killer bee
  1660 | D:3      | Xom revived you
  1661 | D:3      | Noticed a steam dragon
  1661 | D:3      | a killer bee changed into a steam dragon
  2025 | D:3      | Found a stormy altar of Qazlal.
  2044 | D:3      | XOM: 7-stop teleportation journey
  2102 | D:3      | Noticed a raiju
  2107 | D:3      | XOM: harmless Conj miscast
  2107 | D:3      | Slain by a raiju (glowing shapeshifter)

Dungeon Overview and Level Annotations

Branches:
Dungeon (3/15)

Altars:
Cheibriados
Makhleb
Qazlal
Vehumet
Zin
The Shining One


Message History

Your surroundings suddenly seem different.
Your surroundings suddenly seem different.
Your surroundings suddenly seem different.
Your surroundings suddenly seem different.
Unknown command.
A goblin is nearby!
A goblin is nearby!
A goblin is nearby!
A goblin is nearby!
A goblin is nearby!
The goblin shouts!
You hit the goblin.
The goblin is devoured by a tear in reality.
No target in view!
No target in view!
No target in view!
No target in view!
No target in view!
No target in view!
No target in view!
No target in view!
No target in view!
No target in view!
No target in view!
No target in view!
No target in view!
A raiju appears out of thin air!
The raiju is too close now for your liking.
A raiju is nearby!
A raiju is nearby!
A raiju is nearby!
The raiju bursts into living lightning!
The living lightning hits you!
Ouch! That really hurt!
The raiju blinks!
There is a stone staircase leading up here.
Xom almost notices you.
You feel a strange surge of energy! The raiju bites you! The raiju shocks you!
You die...
Xom chortles!

You could see a raiju.

Vanquished Creatures
  A worm (D:2)
  An orc (D:3)
  8 hobgoblins
  4 jackals (D:1)
  4 kobolds
  A quokka (D:2)
  2 ball pythons
  7 bats
  2 giant cockroaches
  5 giant newts
  2 goblins
  A quokka skeleton (D:3)
  5 rats
43 creatures vanquished.

Vanquished Creatures (others)
  A goblin (D:3)
1 creature vanquished.

Grand Total: 44 creatures vanquished

Action                   || total
-------------------------++-------
Melee: Falchion          ||   137
  Use: Scroll            ||     1
 Stab: Paralysed         ||     1

Vault maps used:
D:1:      minmay_arrival_three_doors, cheibriados_altar_1
D:2:      nicolae_overflow_hidden_temple, overflow_temple_1_default,
          lemuel_doored_altar, hangedman_abyss_or_decor_lesser_grid
D:3:      lemuel_crystal_altar, grunt_qazlal_clouds
